Map: Deathaura LE

Players

Seither

  • Race: Terran Terran
  • Spawn Location: 5:00

Probe - Winner!

  • Race: Protoss Protoss
  • League: Master
  • Spawn Location: 11:00

Event: DreamHack SC2 Masters 2020 Fall

VOD

Have the link to the VOD?

Description

Time

  • Played on: Aug. 29, 2020, 5:58 a.m.
  • Length: 8:21

All games in this series

Show
View Real Time Build Order
Export as new Build Order

Seither Terran 

Build Orders: Cyclone Opening 

Get SALT Encoding   

  12  0:00  SCV  
  13  0:12  SCV  
  14  0:23  Supply Depot  
  14  0:24  SCV  
  15  0:39  Refinery  
  15  0:45  SCV  
  15  0:46  Barracks  
  16  0:57  SCV  
  17  1:05  Refinery  
  17  1:09  SCV  
  18  1:21  SCV  
  19  1:33  Orbital Command  
  19  1:35  Reaper  
  20  1:40  Supply Depot  
  20  1:46  Factory  
  20  1:59  SCV  
  21  2:07  Barracks Tech Lab  
  21  2:11  SCV  
  22  2:24  SCV  
  23  2:31  Supply Depot  
  23  2:33  Barracks Reactor  
  23  2:36  SCV  
  24  2:38  Cyclone  
  24  2:42  Starport  
  27  2:48  SCV  
  28  3:00  SCV  
  29  3:10  Barracks  
  29  3:12  Barracks, SCV, Marine  
  29  3:13  Marine  
  31  3:24  SCV  
  31  3:27  Siege Tank  
  34  3:32  Marine x2  
  36  3:34  Starport  
  36  3:36  SCV  
  37  3:47  Supply Depot  
  37  3:51  SCV, Marine  
  39  3:58  Supply Depot  
  39  3:59  Barracks Tech Lab  
  39  4:03  Barracks Tech Lab  
  39  4:08  Marine  
  40  4:12  Siege Tank  
  40  4:14  Medivac  
  45  4:22  Marine x3  
  45  4:23  Combat Shield  
  48  4:30  Supply Depot  
  48  4:33  Marine  
  49  4:40  Marine  
  49  4:44  Marine  
  49  4:45  Marine  
  52  4:50  Viking, Marine  
  52  4:58  Marine  
  48  5:02  Marine  
  31  5:38  Siege Tank  
  33  5:46  Marine  
  33  5:47  Marine  
  33  6:03  Marine x2  
  25  6:15  Marine x2  
  27  6:23  Marine x2  
  29  6:38  Marine  
  29  6:39  Marine  
  31  6:57  Medivac  
  33  7:03  Marine  
  34  7:16  Marine  
  35  7:30  Marine  
  36  7:49  Marine x2  
Show
View Real Time Build Order
Export as new Build Order

Probe Protoss - Winner!

Build Orders:  

Get SALT Encoding   

  12  0:00  Probe  
  13  0:12  Probe  
  14  0:18  Pylon  
  14  0:24  Probe (Chrono Boost)  
  15  0:37  Gateway, Probe (Chrono Boost)  
  16  0:45  Probe (Chrono Boost)  
  16  0:47  Assimilator  
  17  0:51  Probe  
  18  1:03  Probe  
  19  1:15  Probe  
  20  1:22  Assimilator  
  20  1:25  Zealot  
  22  1:26  Cybernetics Core  
  22  1:27  Pylon, Probe  
  23  1:45  Probe  
  24  1:58  Probe  
  25  2:02  Stalker (Chrono Boost)  
  25  2:04  Warp Gate (Chrono Boost)  
  27  2:09  Pylon  
  27  2:10  Probe  
  28  2:22  Probe  
  29  2:24  Stalker  
  30  2:34  Probe  
  31  2:42  Robotics Facility  
  31  2:43  Gateway  
  31  2:46  Probe  
  32  2:58  Probe  
  33  2:59  Gateway  
  33  3:01  Pylon  
  33  3:10  Probe  
  34  3:14  Pylon  
  34  3:16  Shield Battery  
  34  3:25  Probe  
  35  3:28  Warp Prism (Chrono Boost)  
  35  3:37  Probe  
  36  3:46  Stalker  
  38  3:52  Stalker x2  
  41  3:58  Observer  
  42  4:20  Stalker x2  
  42  4:21  Pylon  
  42  4:24  Observer  
  47  4:31  Pylon  
  47  4:48  Adept x3  
  53  5:00  Immortal (Chrono Boost)  
  57  5:13  Probe  
  50  5:21  Stalker x3  
  56  5:44  Probe  
  57  5:50  Stalker x3  
  57  5:56  Probe  
  60  6:01  Observer  
  48  6:10  Immortal (Chrono Boost)  
  47  6:14  Stalker x2  
  47  6:15  Stalker  
  52  6:38  Sentry  
  52  6:39  Warp Prism (Chrono Boost), Zealot  
  56  6:41  Zealot  
  60  6:48  Observer  
  60  7:02  Pylon  
  60  7:05  Zealot  
  60  7:08  Pylon  
  62  7:22  Nexus  
  62  7:34  Zealot  
  62  7:36  Sentry x2  
  66  7:49  Robotics Bay  
  66  7:59  Sentry  
  66  8:03  Zealot  

Tags
 
Add a new tag
Caveats
  • Supply blocks, unpowered buildings, or Contaminate may cause inaccurate times.
  • Supply counts are checked every 10 seconds.